 Dungeon Sprint DCSS version 0.19.1-1-g22dce08 (webtiles) character file.

224 snakesoliden the Summoner (level 6, -2/48 HPs)
             Began as a Tengu Summoner on Dec 28, 2016.
             Was an Initiate of Gozag.
             Succumbed to Sonja's poison
             ... in the Dungeon (Sprint I: "Red Sonja").
             The game lasted 00:09:28 (702 turns).

snakesoliden the Summoner (Tengu Summoner)           Turns: 702, Time: 00:09:28

Health: -2/48      AC:  3    Str: 13    XL:     6   Next: 0%
Magic:  1/10       EV: 12    Int: 18    God:    Gozag
Gold:   297        SH:  0    Dex: 14    Spells: 2 memorised, 6 levels left

rFire  + . .     SeeInvis .     j - +0 dagger
rCold  . . .     Gourm    .     k - +1 robe {rF+}
rNeg   . . .     Faith    .     (no shield)
rPois  .         Spirit   .     (helmet restricted)
rElec  .         Reflect  .     (no cloak)
rCorr  .         Harm     .     (no gloves)
MR     .....     NoTele   +     (boots unavailable)
Stlth  ..........               (no amulet)
                                (no ring)
                                (no ring)

@: berserking, lethally poisoned (-2 -> -35), slowed
A: beak, talons 3, able to fly 1
a: Fly, Potion Petition, Call Merchant, Bribe Branch, Renounce Religion


You were in the Dungeon.
You worshipped Gozag.
Gozag was aware of your devotion.
You were very hungry.

You visited 1 branch You collected 297 gold pieces.

Inventory:

Hand Weapons
 j - a +0 dagger (weapon)
Armour
 k - a +1 robe of fire resistance (worn)
Scrolls
 i - a scroll of blinking
Potions
 a - a potion of agility {unknown}
 f - a potion of haste
 g - 2 potions of magic
Books
 b - a book of Callings

   Spells                             Type                      Level
   a - Summon Small Mammal            Summoning                    1
   b - Call Imp                       Summoning                    2
   c - Call Canine Familiar           Summoning                    3
   d - Summon Guardian Golem          Hexes/Summoning              3
   e - Summon Lightning Spire         Summoning/Air                4
   f - Summon Ice Beast               Ice/Summoning                4
Comestibles
 c - a bread ration


   Skills:
 - Level 2.1 Dodging
 - Level 2.0 Stealth
 - Level 2.0 Spellcasting
 * Level 14.2 Summonings


You had 6 spell levels left.
You knew the following spells:

 Your Spells              Type           Power        Failure   Level  Hunger
a - Summon Small Mammal   Summ           ####         1%          1    #......
b - Call Imp              Summ           ######..     1%          2    ###....


Dungeon Overview and Level Annotations

Branches:
Dungeon (1/1)

Altars:
Cheibriados
Dithmenos
Elyvilon
Fedhas
Gozag
Hepliaklqana
Kikubaaqudgha
Nemelex Xobeh
Okawaru
Qazlal
Ru
Sif Muna
Trog
Uskayaw
Vehumet
Yredelemnul
Zin
The Shining One

Shops:
D !

Annotations:
D Sonja


Innate Abilities, Weirdness & Mutations

You have a beak for a mouth.
You have claws for feet.
You can fly.


Message History

Sonja closely misses you. Sonja barely misses you.
Your crimson imp completely misses Sonja.
Sonja barely misses you. Sonja hits you but does no damage.
You are more poisoned.
Sonja hits you with an uncursed short sword of venom.
* * * LOW HITPOINT WARNING * * *
Your crimson imp barely misses Sonja.
Your crimson imp closely misses Sonja.
A red film seems to cover your vision as you go berserk!
You feel yourself moving faster!
You feel mighty!
* * * LOW HITPOINT WARNING * * *
You feel very sick.
Sonja mumbles some strange words.
Sonja blinks!
Your crimson imp completely misses Sonja.
Your crimson imp hits Sonja.
Sonja gestures wildly while chanting.
Sonja blinks!
You feel a strong urge to attack something.
You die...
Your body crumbles into a pile of gold.

################
#<.#..)..#5.'..#
$$
#..'..#..'..#..+
$$
#..#####'#####'#
#..####..#...#[#
#..#__####..##.#
$$
#..#__5§5##'#..+
#⌠⌠#_.∩@.(((.._#
$$
####_..5_##_K#'#
$$#_____###'#(#$$$
####### #.### $
$.K $$ $$ $.$#
##.## $#+#$ $ $ $


You could see Sonja and 3 friendly crimson imps.

Vanquished Creatures (collateral kills)
  Sigmund (D)
  A yak (D)
  An ogre (D)
  A jelly (D)
  Ijyb (D)
5 creatures vanquished.

Notes
Turn   | Place    | Note
-------+----------+-------------------------------------------
     0 | D        | snakesoliden the Tengu Summoner began the quest for the Orb.
     0 | D        | Reached XP level 1. HP: 10/10 MP: 4/4
     6 | D        | Noticed Ijyb
    42 | D        | Killed Ijyb
    42 | D        | Reached skill level 7 in Summonings
    42 | D        | Reached XP level 2. HP: 6/15 MP: 0/6
    48 | D        | Learned a level 2 spell: Call Imp
   219 | D        | Noticed an ogre
   228 | D        | Killed an ogre
   228 | D        | Reached skill level 10 in Summonings
   228 | D        | Reached XP level 3. HP: 19/19 MP: 1/7
   228 | D        | Reached XP level 4. HP: 24/24 MP: 1/8
   297 | D        | Noticed Sigmund
   329 | D        | Killed Sigmund
   329 | D        | Reached skill level 12 in Summonings
   329 | D        | Gained mutation: You can fly. [Tengu growth]
   329 | D        | Reached XP level 5. HP: 28/28 MP: 0/9
   519 | D        | Found a deep blue altar of Sif Muna.
   536 | D        | Found a radiant altar of Vehumet.
   593 | D        | Found Fegikk's Distillery.
   593 | D        | Found an ancient bone altar of Kikubaaqudgha.
   593 | D        | Found a hazy altar of Hepliaklqana.
   593 | D        | Found a stormy altar of Qazlal.
   593 | D        | Found a hide-covered altar of Uskayaw.
   593 | D        | Found a blossoming altar of Fedhas.
   593 | D        | Found a bloodstained altar of Trog.
   593 | D        | Found an iron altar of Okawaru.
   593 | D        | Found a basalt altar of Yredelemnul.
   593 | D        | Found a glowing golden altar of the Shining One.
   593 | D        | Found a snail-covered altar of Cheibriados.
   593 | D        | Found a sacrificial altar of Ru.
   593 | D        | Found a glowing silver altar of Zin.
   593 | D        | Found a shadowy altar of Dithmenos.
   593 | D        | Found a white marble altar of Elyvilon.
   593 | D        | Noticed a yak
   600 | D        | Killed a yak
   600 | D        | Reached skill level 14 in Summonings
   600 | D        | Reached XP level 6. HP: 32/32 MP: 1/10
   603 | D        | Found an opulent altar of Gozag.
   604 | D        | Found a sparkling altar of Nemelex Xobeh.
   676 | D        | Became a worshipper of Gozag Ym Sagoz the Greedy
   687 | D        | Noticed Sonja
   701 | D        | HP: 1/48 [poisoned by Sonja]
   702 | D        | Succumbed to Sonja's poison

Skill      XL: |  1  2  3  4  5 |
---------------+----------------+-----
Summonings     | 7 10 12 14 | 14.2
Dodging        | |  2.1
Stealth        | |  2.0
Spellcasting   | |  2.0

Action                   |  1- 3 |  4- 6 || total
-------------------------+-------+-------++-------
Melee: Unarmed           |     8 |       ||     8
       Kick              |     1 |       ||     1
 Cast: Summon Small Mamm |     6 |       ||     6
       Call Imp          |     9 |    19 ||    28
  Use: Potion            |       |     3 ||     3
Armor: Robe              |     1 |     1 ||     2
Dodge: Dodged            |     4 |     6 ||    10
